 Dungeon Crawl Stone Soup version 0.28-a0-983-g1de4e0787c (webtiles) character file.

Game seed: 6092878039789145249

53 siradein the Skirmisher (level 3, 0/29 HPs)
             Began as a Demonspawn Fighter on Dec 3, 2021.
             Slain by a phantom (2 damage)
             ... on level 4 of the Dungeon.
             The game lasted 00:03:51 (1787 turns).

siradein the Skirmisher (Demonspawn Fighter)        Turns: 1787, Time: 00:03:51

Health: 0/29       AC:  6    Str: 18    XL:     3   Next: 62%
Magic:  3/3        EV: 11    Int:  9    God:
Gold:   84         SH:  4    Dex: 12    Spells: 2/2 levels left

rFire   . . .      SeeInvis .   a - +0 long sword
rCold   . . .      Faith    .   c - +0 buckler
rNeg    . . .      Spirit   .   b - +0 scale mail
rPois   .          Reflect  .   (no helmet)
rElec   .          Harm     .   (no cloak)
rCorr   .          Rampage  .   (no gloves)
Will    .....                   (no boots)
Stlth   ..........              (no amulet)
HPRegen 0.09/turn               (no ring)
MPRegen 0.08/turn               (no ring)

@: no status effects
A: repulsion field 1
a: no special abilities


You were on level 4 of the Dungeon.
You visited 1 branch of the dungeon, and saw 3 of its levels.

You collected 84 gold pieces.

Inventory:

Hand Weapons
 a - a +0 long sword (weapon)
Missiles
 i - 3 javelins (quivered)
Armour
 b - a +0 scale mail (worn)
 c - a +0 buckler (worn)
Scrolls
 e - a scroll of magic mapping {unknown}
 g - a scroll of acquirement {unknown}
 h - a scroll of identify {unknown}
 j - a scroll of noise {unknown}
Potions
 d - a potion of might
 f - 2 potions of heal wounds {unknown}
 k - a potion of haste {unknown}


   Skills:
 + Level 3.4 Fighting
 + Level 2.3 Long Blades
 + Level 3.1 Armour
 + Level 0.7 Dodging
 + Level 3.1 Shields


You had 2 spell levels left.
You didn't know any spells.
Your spell library was empty.

Dungeon Overview and Level Annotations

Branches:
Dungeon (2/15)

Altars:


Innate Abilities, Weirdness & Mutations

You are surrounded by a mild repulsion field. (EV +2)


Message History

You are too injured to fight recklessly!
You are too injured to fight recklessly!
You are too injured to fight recklessly!
You are too injured to fight recklessly!
Unknown command.
The gnoll shouts! x3
You hit the phantom.
The phantom is severely damaged.
The phantom hits you!
* * * LOW HITPOINT WARNING * * *
You barely miss the phantom.
The phantom is severely damaged.
You block the phantom's attack.
You miss the phantom.
The phantom is severely damaged.
The phantom hits you.
* * * LOW HITPOINT WARNING * * *
The gnoll barely misses you.
You closely miss the phantom.
The phantom is severely damaged.
The phantom hits you but does no damage.
The gnoll closely misses you.
The phantom hits you but does no damage.
You hit the phantom.
The phantom is severely damaged.
The gnoll barely misses you. You block the phantom's attack.
You closely miss the phantom.
The phantom is severely damaged.
The gnoll hits you from afar with a +0 spear.
* * * LOW HITPOINT WARNING * * *
The phantom completely misses you. The gnoll hits you but does no damage.
You miss the phantom.
The phantom is severely damaged.
The phantom hits you but does no damage.
The gnoll closely misses you.
Unknown command.
You hit the phantom but do no damage.
The phantom is severely damaged.
The phantom hits you.
You die...

###.####..! #.#
########.#######
#........ยง......
######.#.##.....
#.#.# .... #Z#.#
... #W#.# ..
#@#.# . #.#.#
#g#.# #g#.. #g#.#
#g#.# #.#.# ..#


You could see a phantom, 4 gnolls and an adder skeleton.

Vanquished Creatures
  A gnoll (D:1)
  An adder (D:2)
  2 bats (D:2)
  2 endoplasms
  3 giant cockroaches
  4 goblins
  5 hobgoblins
  2 jackals (D:2)
  3 kobolds
  2 quokkas (D:1)
  A ball python (D:1)
  A frilled lizard (D:1)
  2 rats (D:1)
29 creatures vanquished.

Notes
Turn   | Place    | Note
-------+----------+-------------------------------------------
     0 | D:1      | siradein the Demonspawn Fighter began the quest for the
                  | Orb.
     0 | D:1      | Reached XP level 1. HP: 18/18 MP: 1/1
   237 | D:1      | Gained mutation: You are surrounded by a mild repulsion
                  | field. (EV +2) [demonic ancestry]
   237 | D:1      | Reached XP level 2. HP: 22/24 MP: 2/2
  1307 | D:2      | Reached XP level 3. HP: 28/29 MP: 3/3
  1760 | D:2      | You fall into a shaft and drop 2 floors!
  1760 | D:4      | Noticed a phantom
  1787 | D:4      | Slain by a phantom

Illustrated notes

Levels and vault maps discovered:
D:1:      lightli_arrival_lavapool, layout_basic, ebering_dispersal_statue_hall,
          minmay_tromino_i2
D:2:      layout_loops_cross
D:4:      layout_basic, xom_confusion_cloud, uniq_blork_the_orc, uniq_natasha,
          uniq_duvessa

Skill      XL: |  1  2 |
---------------+-------+-----
Long Blades    | 2 |  2.3
Shields        | 3 |  3.1
Armour         | 3 |  3.1
Fighting       | |  3.4
Dodging        | |  0.7

Action                   || total
-------------------------++-------
Melee: Long sword        ||    86
Armor: Scale mail        ||    30
Dodge: Dodged            ||    42
Block: Buckler           ||    19

Table legend: (Time is in decaauts)
 A = Elapsed time spent in this place.
 B = Non-inter-level travel time spent in this place.
 C = Inter-level travel time spent in this place.
 D = Time resting spent in this place.
 E = Time spent auto-exploring this place.
 F = Levels seen in this place.
 G = Mean time per level.
                   A        B        C        D        E       F      G
               +--------+--------+--------+--------+--------+-----+--------+
         Total |   1812 |   1753 |     59 |      0 |   1524 |   3 |  604.0 |
       Dungeon |   1812 |   1753 |     59 |      0 |   1524 |   3 |  604.0 |
               +--------+--------+--------+--------+--------+-----+--------+

Top non-repeatable levels by time:
     D:1: 1295 daAuts
     D:2: 485 daAuts
     D:4: 31 daAuts
